ITL
BLUEVILLE 83'S @ AMARILLO ARCHDUKES
04/03/2030
 
TOP OF THE 1ST
Blueville 83's batting - Pitching for Amarillo Archdukes : RHP Robinson Alomar
Pitching: RHP Robinson Alomar
Batting: RHB José Velásquez 0-0: Ball
1-0: Ground out 6-3 (Groundball, 6)
Batting: LHB Ron Robinson 0-0: Ball
1-0: Ball
2-0: Ball
3-0: Base on Balls
Batting: RHB Eric Johnson 0-0: Ball
1-0: Called Strike
1-1: Ball
2-1: Called Strike
2-2: Ball
3-2: Strikes out swinging
Batting: SHB Bob Noble 0-0: Ball
1-0: Called Strike
1-1: SINGLE (Groundball, 4D)
Ron Robinson to second
Runner from 2nd tries for 3rd, OUT!
Top of the 1st over - 0 runs, 1 hit, 0 errors, 1 left on base; Blueville 0 - Amarillo 0
BOTTOM OF THE 1ST
Amarillo Archdukes batting - Pitching for Blueville 83's : RHP Javier González
Pitching: RHP Javier González
Batting: RHB Xie-li Fong 0-0: Called Strike
0-1: Ball
1-1: Ball
2-1: Reached on error, E4 (Groundball, 4S)
Batting: RHB Jesús Ramos 0-0: Foul Ball, location: 2F
0-1: Ball
1-1: Ball
2-1: Foul Ball, location: 2F
2-2: Strikes out swinging
Batting: SHB Álex Hernández 0-0: Called Strike
0-1: Ball
1-1: Fly out, F3 (Popup, 3)
Batting: LHB Brian Easdale 0-0: Ball
1-0: Swinging Strike
1-1: Ball
2-1: Ball
3-1: Foul Ball, location: 2F
3-2: TRIPLE (Line Drive, 7D)
Xie-li Fong scores
Batting: RHB Fernando Castellanos 0-0: Ball
1-0: Called Strike
1-1: SINGLE (Groundball, 34D)
Brian Easdale scores
Batting: RHB Vincente Ramírez 0-0: Fly out, F7 (Flyball, 7S)
Bottom of the 1st over - 2 runs, 2 hits, 1 error, 1 left on base; Blueville 0 - Amarillo 2
TOP OF THE 2ND
Blueville 83's batting - Pitching for Amarillo Archdukes : RHP Robinson Alomar
Batting: RHB Matt Perkins 0-0: Ball
1-0: Called Strike
1-1: Ball
2-1: Called Strike
2-2: SINGLE (Groundball, 6MD)
Batting: RHB Fernando Díaz 0-0: Ball
1-0: Ball
2-0: Fly out, F9 (Flyball, 9D)
Batting: RHB Alberto Campos 0-0: Ball
1-0: Grounds into double play, 5-4-3 (Groundball, 5)
Top of the 2nd over - 0 runs, 1 hit, 0 errors, 0 left on base; Blueville 0 - Amarillo 2
BOTTOM OF THE 2ND
Amarillo Archdukes batting - Pitching for Blueville 83's : RHP Javier González
Batting: LHB António Chávez 0-0: Foul Ball, location: 2F
0-1: Swinging Strike
0-2: Strikes out swinging
Batting: LHB José Martínez 0-0: Ball
1-0: Called Strike
1-1: Foul Ball, location: 2F
1-2: Ball
2-2: Ball
3-2: SINGLE (Flyball, 7S)
Batting: RHB Rich Henley 0-0: Foul Ball, location: 2F
0-1: Grounds into double play, 6-4-3 (Groundball, 6)
Bottom of the 2nd over - 0 runs, 1 hit, 0 errors, 0 left on base; Blueville 0 - Amarillo 2
TOP OF THE 3RD
Blueville 83's batting - Pitching for Amarillo Archdukes : RHP Robinson Alomar
Batting: RHB Ángel Garza 0-0: Ground out 4-3 (Groundball, 4)
Batting: RHB Daryl Floyd 0-0: Ball
1-0: SOLO HOME RUN (Flyball, 7LD), Distance : 332 ft
Batting: RHB José Velásquez 0-0: Called Strike
0-1: Ground out 6-3 (Groundball, 6)
Batting: LHB Ron Robinson 0-0: Ball
1-0: Ground out 1-3 (Groundball, 13S)
Top of the 3rd over - 1 run, 1 hit, 0 errors, 0 left on base; Blueville 1 - Amarillo 2
BOTTOM OF THE 3RD
Amarillo Archdukes batting - Pitching for Blueville 83's : RHP Javier González
Batting: RHB Xie-li Fong 0-0: Ball
1-0: Called Strike
1-1: Ground out 3-1 (Groundball, 34)
Batting: RHB Jesús Ramos 0-0: Swinging Strike
0-1: Ball
1-1: Ball
2-1: Foul Ball, location: 2F
2-2: Fly out, F7 (Flyball, 78M)
Batting: SHB Álex Hernández 0-0: Ball
1-0: Foul Ball, location: 2F
1-1: Fly out, F8 (Flyball, 8RD)
Bottom of the 3rd over - 0 runs, 0 hits, 0 errors, 0 left on base; Blueville 1 - Amarillo 2
TOP OF THE 4TH
Blueville 83's batting - Pitching for Amarillo Archdukes : RHP Robinson Alomar
Batting: RHB Eric Johnson 0-0: Ground out 6-3 (Groundball, 6)
Batting: SHB Bob Noble 0-0: Ball
1-0: Ball
2-0: Called Strike
2-1: DOUBLE (Line Drive, 8RD)
Batting: RHB Matt Perkins 0-0: Ball
1-0: Fly out, F7 (Flyball, 7)
Batting: RHB Fernando Díaz 0-0: Ball
1-0: Called Strike
1-1: SINGLE (Flyball, 8RS)
Bob Noble to third
Runner from 3rd tries for Home, SAFE, throw made home
Fernando Díaz to second
Batting: RHB Alberto Campos 0-0: Ball
1-0: 2-RUN HOME RUN (Flyball, 9LD), Distance : 312 ft
Batting: RHB Ángel Garza 0-0: Foul Ball, location: 2F
0-1: Called Strike
0-2: Ball
1-2: Foul Ball, location: 2F
1-2: Foul Ball, location: 2F
1-2: Foul Ball, location: 2F
1-2: Ground out 3-1 (Groundball, 34)
Top of the 4th over - 3 runs, 3 hits, 0 errors, 0 left on base; Blueville 4 - Amarillo 2
BOTTOM OF THE 4TH
Amarillo Archdukes batting - Pitching for Blueville 83's : RHP Javier González
Batting: LHB Brian Easdale 0-0: Swinging Strike
0-1: Ball
1-1: Ball
2-1: Called Strike
2-2: Foul Ball, location: 2F
2-2: Ball
3-2: Base on Balls
Batting: RHB Fernando Castellanos 0-0: Ball
1-0: Ball
2-0: Fly out, F7 (Line Drive, 78D)
Batting: RHB Vincente Ramírez 0-0: Foul Ball, location: 2F
0-1: Swinging Strike
0-2: Ball
1-2: Ball
Brian Easdale steals 2nd base
2-2: Ball
3-2: Foul Ball, location: 2F
3-2: Base on Balls
Batting: LHB António Chávez 0-0: Called Strike
0-1: Called Strike
0-2: Foul Ball, location: 2F
0-2: Ball
1-2: Strikes out swinging
Batting: LHB José Martínez 0-0: Ball
1-0: Ball
2-0: Ball
3-0: Called Strike
3-1: Foul Ball, location: 2F
3-2: Ground out 3-1 (Groundball, 34S)
Bottom of the 4th over - 0 runs, 0 hits, 0 errors, 2 left on base; Blueville 4 - Amarillo 2
TOP OF THE 5TH
Blueville 83's batting - Pitching for Amarillo Archdukes : RHP Robinson Alomar
Batting: RHB Daryl Floyd 0-0: Called Strike
0-1: Called Strike
0-2: Ball
1-2: Ball
2-2: Strikes out swinging
Batting: RHB José Velásquez 0-0: Ball
1-0: Called Strike
1-1: Swinging Strike
1-2: Foul Ball, location: 2F
1-2: Fly out, F4 (Line Drive, 4)
Batting: LHB Ron Robinson 0-0: Called Strike
0-1: Ball
1-1: Ball
2-1: Ball
3-1: Base on Balls
Batting: RHB Eric Johnson 0-0: Called Strike
0-1: Ball
1-1: Ball
Ron Robinson steals 2nd base
2-1: Ground out 6-3 (Groundball, 6)
Top of the 5th over - 0 runs, 0 hits, 0 errors, 1 left on base; Blueville 4 - Amarillo 2
BOTTOM OF THE 5TH
Amarillo Archdukes batting - Pitching for Blueville 83's : RHP Javier González
Batting: RHB Rich Henley 0-0: Called Strike
0-1: Ball
1-1: Fly out, F7 (Flyball, 7S)
Batting: RHB Xie-li Fong 0-0: Ball
1-0: SINGLE (Groundball, 34S) (infield hit)
Batting: RHB Jesús Ramos 0-0: Ball
Xie-li Fong is caught stealing 2nd base
1-0: Called Strike
1-1: Ball
2-1: Called Strike
2-2: SINGLE (Groundball, 56D)
Batting: SHB Álex Hernández 0-0: Ball
1-0: Swinging Strike
1-1: Ball
2-1: Called Strike
2-2: Fly out, F7 (Line Drive, 7)
Bottom of the 5th over - 0 runs, 2 hits, 0 errors, 1 left on base; Blueville 4 - Amarillo 2
TOP OF THE 6TH
Blueville 83's batting - Pitching for Amarillo Archdukes : RHP Robinson Alomar
Batting: SHB Bob Noble 0-0: Called Strike
0-1: Ball
1-1: Swinging Strike
1-2: Ball
2-2: Fly out, F4 (Line Drive, 4)
Batting: RHB Matt Perkins 0-0: Foul Ball, location: 2F
0-1: Ball
1-1: Fly out, F7 (Flyball, 78S)
Batting: RHB Fernando Díaz 0-0: Called Strike
0-1: Called Strike
0-2: Foul Ball, location: 2F
0-2: Fly out, F8 (Flyball, 8LS)
Top of the 6th over - 0 runs, 0 hits, 0 errors, 0 left on base; Blueville 4 - Amarillo 2
BOTTOM OF THE 6TH
Amarillo Archdukes batting - Pitching for Blueville 83's : RHP Javier González
Batting: LHB Brian Easdale 0-0: Called Strike
0-1: Called Strike
0-2: Ball
1-2: Ball
2-2: Ground out 6-3 (Groundball, 6M)
Batting: RHB Fernando Castellanos 0-0: Called Strike
0-1: Ground out 6-3 (Groundball, 6M)
Batting: RHB Vincente Ramírez 0-0: Ball
1-0: Swinging Strike
1-1: Swinging Strike
1-2: Fly out, F6 (Line Drive, 6)
Bottom of the 6th over - 0 runs, 0 hits, 0 errors, 0 left on base; Blueville 4 - Amarillo 2
TOP OF THE 7TH
Blueville 83's batting - Pitching for Amarillo Archdukes : RHP Robinson Alomar
Batting: RHB Alberto Campos 0-0: Called Strike
0-1: Foul Ball, location: 2F
0-2: SINGLE (Line Drive, 4D)
Batting: RHB Ángel Garza 0-0: Bunted foul
0-1: Bunted foul
0-2: Ball
1-2: Foul Ball, location: 2F
1-2: Ball
2-2: Foul Ball, location: 2F
2-2: Ball
3-2: Base on Balls
Alberto Campos to second
Pitching: RHP Ignacio Beltrán
Pinch Hitting: LHB Lorenzo Quintanilla 0-0: Ball
1-0: Ball
2-0: Bunt missed!
2-1: Sac Bunt - play at first, batter OUT! 3-4
Alberto Campos to third
Ángel Garza to second
Batting: RHB José Velásquez 0-0: Ball
1-0: Called Strike
1-1: Ball
2-1: Ground out 5-3 (Groundball, 56)
Pitching: LHP Tim Davidson
Pinch Hitting: RHB Barton Frazier 0-0: Ball
1-0: Foul Ball, location: 2F
1-1: Swinging Strike
1-2: Foul Ball, location: 2F
1-2: Ball
2-2: Ball
3-2: Foul Ball, location: 2F
3-2: Foul Ball, location: 2F
3-2: Base on Balls
Pitching: RHP Dalton Ray
Batting: RHB Eric Johnson 0-0: Ball
1-0: Called Strike
1-1: Foul Ball, location: 2F
1-2: Strikes out swinging
Top of the 7th over - 0 runs, 1 hit, 0 errors, 3 left on base; Blueville 4 - Amarillo 2
BOTTOM OF THE 7TH
Amarillo Archdukes batting - Pitching for Blueville 83's : RHP Javier González
Pitching: RHP Drake Williams
Now in LF: Lorenzo Quintanilla
Now in RF: José Estrada
Batting: LHB António Chávez 0-0: Swinging Strike
0-1: Swinging Strike
0-2: Foul Ball, location: 2F
0-2: Foul Ball, location: 2F
0-2: Foul Ball, location: 2F
0-2: Strikes out swinging
Batting: LHB José Martínez 0-0: SINGLE (Groundball, 34D)
Batting: RHB Rich Henley 0-0: Ball
1-0: Ball
2-0: Called Strike
2-1: Foul Ball, location: 2F
2-2: Ball
3-2: 2-RUN HOME RUN (Flyball, 7LD), Distance : 324 ft
Pitching: RHP Ramiro Vargas
Pinch Hitting: SHB Jeff Chambers 0-0: Ball
1-0: Ball
2-0: Called Strike
2-1: Ball
3-1: Base on Balls
Batting: RHB Jesús Ramos 0-0: Ball
Jeff Chambers steals 2nd base
1-0: SINGLE (Groundball, 5D)
Jeff Chambers to third
Runner from 3rd tries for Home, SAFE, throw made home
Batting: SHB Álex Hernández 0-0: Ball
1-0: Ball
2-0: Ball
3-0: Called Strike
3-1: Called Strike
3-2: Base on Balls
Jesús Ramos to second
Batting: LHB Brian Easdale 0-0: Called Strike
0-1: Ball
1-1: Called Strike
1-2: DOUBLE (Line Drive, 9LM)
Jesús Ramos scores
Álex Hernández to third
Runner from 3rd tries for Home, SAFE, no throw
Batting: RHB Fernando Castellanos 0-0: Intentional Walk
Pitching: RHP Ray Watkins
Batting: RHB Vincente Ramírez 0-0: Ball
Brian Easdale steals 3rd base
1-0: Ball
2-0: Called Strike
2-1: Foul Ball, location: 2F
2-2: Strikes out looking
Batting: LHB António Chávez 0-0: Ball
1-0: Foul Ball, location: 2F
1-1: Swinging Strike
1-2: Strikes out looking
Bottom of the 7th over - 5 runs, 4 hits, 0 errors, 2 left on base; Blueville 4 - Amarillo 7
TOP OF THE 8TH
Blueville 83's batting - Pitching for Amarillo Archdukes : RHP Dalton Ray
Now at SS: Jeff Chambers
Batting: SHB Bob Noble 0-0: Ground out 4-3 (Groundball, 4)
Batting: RHB Matt Perkins 0-0: Called Strike
0-1: Foul Ball, location: 2F
0-2: Strikes out swinging
Batting: RHB Fernando Díaz 0-0: Ball
1-0: Called Strike
1-1: Ball
2-1: Swinging Strike
2-2: Foul Ball, location: 2F
2-2: Strikes out swinging
Top of the 8th over - 0 runs, 0 hits, 0 errors, 0 left on base; Blueville 4 - Amarillo 7
BOTTOM OF THE 8TH
Amarillo Archdukes batting - Pitching for Blueville 83's : RHP Ray Watkins
Batting: LHB José Martínez 0-0: Ball
1-0: Foul Ball, location: 2F
1-1: Ball
2-1: Foul Ball, location: 2F
2-2: Foul Ball, location: 2F
2-2: Fly out, F9 (Flyball, 9LM)
Batting: RHB Rich Henley 0-0: Ball
1-0: SINGLE (Groundball, 56D)
Batting: SHB Jeff Chambers 0-0: Ball
1-0: Ball
2-0: Grounds into double play, 6-4-3 (Groundball, 6M)
Bottom of the 8th over - 0 runs, 1 hit, 0 errors, 0 left on base; Blueville 4 - Amarillo 7
TOP OF THE 9TH
Blueville 83's batting - Pitching for Amarillo Archdukes : RHP Dalton Ray
Pitching: LHP Christiano Gomes
Batting: RHB Alberto Campos 0-0: Ball
1-0: Foul Ball, location: 2F
1-1: Ground out 5-3 (Groundball, 56S)
Batting: RHB Ángel Garza 0-0: Called Strike
0-1: Ground out 5-3 (Groundball, 5L)
Batting: LHB Lorenzo Quintanilla 0-0: Ball
1-0: Ball
2-0: Foul Ball, location: 2F
2-1: Called Strike
2-2: Foul Ball, location: 2F
2-2: Foul Ball, location: 2F
2-2: Foul Ball, location: 2F
2-2: Foul Ball, location: 2F
2-2: Foul Ball, location: 2F
2-2: Strikes out swinging
Top of the 9th over - 0 runs, 0 hits, 0 errors, 0 left on base; Blueville 4 - Amarillo 7
Saturday, April 7th, 2018 - OOTP Baseball 18.8 Build 76